 Dungeon Crawl Stone Soup version 0.32-a0-699-g1ee5eff69a (webtiles) character file.

Game seed: 16031471552490078965

106994 sleeves the Eclecticist (level 15, 0/83 HPs)
             Began as a Mummy Artificer on Mar 13, 2024.
             Was the Champion of Hepliaklqana.
             Killed from afar by a lindwurm (16 damage)
             ... with a blast of flame
             ... summoned by Kirke
             ... on level 1 of the Swamp.
             The game lasted 01:06:04 (29974 turns).

sleeves the Eclecticist (Mummy Artificer)          Turns: 29974, Time: 01:06:04

Health: 0/83       AC: 17    Str: 17    XL:     15   Next: 99%
Magic:  32/43      EV:  9    Int: 23    God:    Hepliaklqana [******]
Gold:   2287       SH:  7    Dex: 14    Spells: 17/44 levels left

rFire   . . .        j - +0 war axe (elec)
rCold   + + +        y - +2 buckler {rC+}
rNeg    + + +        I - +2 acid dragon scales
rPois   ∞            u - +0 hat {SInv}
rElec   .            J - +1 cloak
rCorr   +            M - +2 pair of gloves
SInv    +            S - +3 pair of seven-league boots {Rampage+∞}
Will    +....        v - amulet "Araq" {Acrobat rF+ rCorr Str+2 Slay+2}
Stlth   +            F - ring of Equor {rN+ MP+9}
HPRegen 0.33/turn    e - ring "Mofu Xae" {rC+ rN+ Int+6}
MPRegen 0.28/turn

%: acrobat, rampage+∞, faith
@: studying Maces & Flails
A: reduced essence, cold resistance 1, negative energy resistance 3, torment
resistance 2, heat vulnerability 1, in touch with death 2, no potions, faith
a: Renounce Religion, Recall Ancestor, Ancestor Identity, Transference, Idealise


You were on level 1 of the Swamp.
You worshipped Hepliaklqana.
Hepliaklqana was exalted by your worship.
You visited 4 branches of the dungeon, and saw 23 of its levels.
You also visited: Trove, Bailey and Ice Cave.

You collected 2719 gold pieces.
You spent 432 gold pieces at shops.

Inventory:

Hand Weapons
 j - a +0 war axe of electrocution (weapon)
   (You found it on level 2 of the Dungeon)
 D - a +2 morningstar
   (You took it off a wight on level 8 of the Dungeon)
Armour
 u - a +0 hat of see invisible (worn)
   (You took it off Gastronok on level 1 of the Orcish Mines)
 y - a +2 buckler of cold resistance (worn)
   (You found it in an ice cave)
 z - +0 swamp dragon scales
   (You took it off Maggie on level 7 of the Dungeon)
 A - the +6 chain mail of Ru's Reproof {rElec Str+2}
   (You took it off a kobold on level 7 of the Dungeon)

   Str+2:     It affects your strength (+2).
   rElec:     It insulates you from electricity.
 I - +2 acid dragon scales (worn)
   (You took it off a spriggan in a bailey)
 J - a +1 cloak (worn)
   (You found it on level 10 of the Dungeon)
 M - a +2 pair of gloves (worn)
   (You found it on level 12 of the Dungeon)
 S - the +3 pair of seven-league boots (worn) {Rampage+∞}
   (You found it on level 15 of the Dungeon)

   Rampage+∞: When moving toward enemies, its wearer moves as far as possible,
   alerting their target en route.
 V - a +0 robe of resistance
   (You found it in an ice cave)
 Z - the +8 orange crystal plate armour {Archmagi, Int+3 Clar}
   (You found it on level 3 of the Lair of Beasts)

   Int+3:     It affects your intelligence (+3).
   Clar:      It protects you from confusion, rage, mesmerisation and fear.
Magical Staves
 l - a staff of cold
   (You found it on level 4 of the Dungeon)
 Q - a staff of fire
   (You found it on level 13 of the Dungeon)
Jewellery
 e - the ring "Mofu Xae" (right hand) {rC+ rN+ Int+6}
   (You found it in a treasure trove)

   [ring of intelligence]

   Int+6:     It affects your intelligence (+6).
   rC+:       It protects you from cold.
   rN+:       It protects you from negative energy.
 f - a ring of protection from fire
   (You found it in a treasure trove)
 g - a ring of protection from fire
   (You found it in a treasure trove)
 q - the ring of the Pharaoh's Fist {rPois rCorr Str+6 Dex+3}
   (You found it in a treasure trove)

   [ring of strength]

   Str+6:     It affects your strength (+6).
   Dex+3:     It affects your dexterity (+3).
   rPois:     It protects you from poison.
   rCorr:     It protects you from acid and corrosion.
 s - the ring of the Demon Prince {Str+3 Slay+3 SInv}
   (You found it in a treasure trove)

   [ring of see invisible]

   Str+3:     It affects your strength (+3).
   Slay+3:    It affects your accuracy & damage with ranged weapons and melee
   (+3).
   SInv:      It lets you see invisible.
 v - the amulet "Araq" (around neck) {Acrobat rF+ rCorr Str+2 Slay+2}
   (You found it in a treasure trove)

   [amulet of the acrobat]

   Acrobat:   It increases your evasion while moving and waiting.
   Str+2:     It affects your strength (+2).
   Slay+2:    It affects your accuracy & damage with ranged weapons and melee
   (+2).
   rF+:       It protects you from fire.
   rCorr:     It protects you from acid and corrosion.
 F - the ring of Equor (left hand) {rN+ MP+9}
   (You found it in a treasure trove)

   [ring of magical power]

   rN+:       It protects you from negative energy.
   MP+9:      It affects your magic capacity (+9).
 L - the ring of Nuotail {Fly Int+4}
   (You found it in a treasure trove)

   [ring of flight]

   Int+4:     It affects your intelligence (+4).
   Fly:       It grants you flight.
 R - a ring of willpower
   (You found it on level 4 of the Lair of Beasts)
Wands
 c - a wand of flame (57)
 d - a wand of charming (13)
 p - a wand of quicksilver (24)
   (You found it on level 15 of the Dungeon)
 t - a wand of roots (17)
   (You found it on level 5 of the Dungeon)
 B - a wand of paralysis (13)
   (You took it off Joseph on level 7 of the Dungeon)
 C - a wand of polymorph (6)
   (You found it on level 7 of the Dungeon)
 G - a wand of digging (5)
   (You found it on level 8 of the Dungeon)
 K - a wand of mindburst (5)
   (You found it on level 10 of the Dungeon)
Scrolls
 a - a scroll of silence
 b - a scroll of summoning
 h - 2 scrolls of fog
 i - 3 scrolls of noise
 k - 10 scrolls of enchant weapon
 m - 9 scrolls of vulnerability
 n - 3 scrolls of amnesia
 o - 5 scrolls of immolation
 r - 6 scrolls of enchant armour
 w - 5 scrolls of revelation
 E - 7 scrolls of teleportation
 H - a scroll of fear
 N - 3 scrolls of poison
 W - 4 scrolls of identify
 X - a scroll of torment
Miscellaneous
 O - a tin of tremorstones (2/2)
   (You found it on level 13 of the Dungeon)
 P - a lightning rod (4/4)
   (You found it on level 13 of the Dungeon)


   Skills:
 - Level 1.0 Fighting
 - Level 1.5 Armour
 - Level 0.7 Dodging
 - Level 0.7 Stealth
 - Level 5.0 Shields
 - Level 15.0 Spellcasting
 - Level 13.0 Conjurations
 + Level 12.6 Fire Magic
 + Level 10.1 Earth Magic
 - Level 8.0 Invocations
 - Level 2.6 Evocations


You had 17 spell levels left.
You knew the following spells:

 Your Spells              Type           Power      Damage    Failure   Level
a - Stone Arrow           Conj/Erth      100%       3d13      1%          3
b - Sticky Flame          Fire/Alch      46%        2d9       4%          4
c - Blink                 Tloc           34%        N/A       9%          2
d - Ignition              Fire           33%        3d10      91%         8
e - Iskenderun's Mystic   Conj/Tloc      47%        2d10      4%          4
f - Bombard               Conj/Erth      31%        9d6       8%          6

Your spell library contained the following spells:

 Spells                   Type           Power      Damage    Failure   Level
 Magic Dart               Conj           100%       1d8       1%          1
 Sandblast                Erth           100%       2d20      1%          1
 Shock                    Conj/Air       100%       1d9       1%          1
 Momentum Strike          Conj/Tloc      94%        3d10      1%          2
 Static Discharge         Conj/Air       94%        3-7/arc   1%          2
 Dazzling Flash           Conj/Hex       94%        N/A       1%          3
 Inner Flame              Hex/Fire       46%        N/A       1%          3
 Brom's Barrelling Bould  Conj/Erth      63%        2d8       1%          4
 Mephitic Cloud           Conj/Alch/Air  37%        N/A       3%          3
 Ignite Poison            Fire/Alch      46%        N/A       4%          4
 Slow                     Hex            68%        N/A       6%          1
 Animate Armour           Summ/Erth      80%        N/A       7%          4
 Petrify                  Alch/Erth      40%        N/A       7%          4
 Call Imp                 Summ           34%        N/A       9%          2
 Cigotuvi's Dreadful Rot  Necr/Alch/Air  76%        N/A       9%          2
 Lesser Beckoning         Tloc           34%        N/A       9%          2
 Mercury Vapours          Alch/Air       34%        N/A       9%          2
 Irradiate                Conj/Alch      23%        3d19      11%         5
 Call Canine Familiar     Summ           17%        N/A       17%         3
 Confusing Touch          Hex            17%        N/A       17%         3
 Gell's Gravitas          Tloc           17%        N/A       17%         3
 Sigil of Binding         Hex            17%        N/A       17%         3
 Tukima's Dance           Hex            17%        N/A       17%         3
 Vampiric Draining        Necr           38%        2d8       17%         3
 Animate Dead             Necr           38%        N/A       50%         4
 Dimensional Bullseye     Hex/Tloc       8%         N/A       50%         4
 Dispel Undead            Necr           38%        3d16      50%         4
 Martyr's Knell           Necr/Summ      38%        N/A       50%         4
 Conjure Ball Lightning   Conj/Air       23%        3x3d6     52%         6
 Curse of Agony           Necr           38%        N/A       85%         5
 Silence                  Hex/Air        8%         N/A       85%         5
 Summon Forest            Summ/Tloc      8%         N/A       85%         5
 Summon Mana Viper        Hex/Summ       17%        N/A       85%         5
 Lehudib's Crystal Spear  Conj/Erth      31%        10d8      97%         8
 Spellforged Servitor     Conj/Summ      23%        N/A       98%         7
 Summon Cactus Giant      Summ           8%         N/A       100%        6
 Haunt                    Necr/Summ      19%        N/A       100%        7
 Infestation              Necr           19%        N/A       100%        8
 Chain Lightning          Conj/Air       23%        3d31      100%        9
 Shatter                  Erth           29%        3d24*     100%        9
 Sublimation of Blood     Necr           Unusable   N/A       N/A         2

Dungeon Overview and Level Annotations

Branches:
Dungeon (15/15)            Temple (0/1) D:7            Lair (5/5) D:11
  Swamp (1/4) Lair:2       Spider (0/4) Lair:3        Slime (0/5) Lair:5
    Orc (2/2) D:10            Elf (0/3) Orc:2        Vaults (0/5) D:14
 Depths (0/4) D:15         Bailey (visited)           IceCv (visited)

Altars:
Cheibriados
Dithmenos
Fedhas
Gozag
Hepliaklqana
Makhleb
Nemelex Xobeh
Qazlal
Ru
Sif Muna
Trog
Vehumet
Xom
Yredelemnul

Shops:
D:3 *   D:6 (   D:7 *   Orc:2 ?!*:(

Annotations:
D:3 exclusion: steam dragon
D:4 exclusion: bullfrog
D:12 1 runed translucent door, Griffin23's ghost, journeyman MiFi
D:14 1 runed translucent door, Yoho's ghost, journeyman MiFi
Swamp:1 Kirke


Innate Abilities, Weirdness & Mutations

Your life essence is reduced to manifest your ancestor. (-10% HP)
You are immune to poison.
Your flesh is cold resistant. (rC+)
You are immune to negative energy. (rN+++)
You are immune to unholy pain and torment.
You are vulnerable to heat. (rF-)
You are strongly in touch with the powers of death.
You do not drink.
You have a special connection with the divine. (Faith)


Message History

You now have 1729 gold pieces (gained 21).
You now have 1738 gold pieces (gained 9).
An orc warrior comes into view. It is wielding a +0 flail.
You can't see any susceptible monsters within range! (Use Z to cast anyway.)
The orc warrior shouts!
An orc priest comes into view. It is wielding a +0 short sword.
You can't see any susceptible monsters within range! (Use Z to cast anyway.)
The stone arrow hits the orc warrior!
The orc warrior is severely wounded.
Qaiwisha casts a spell at the orc warrior.
The stone arrow hits the orc warrior!
The orc warrior dies!
You can't see any susceptible monsters within range! (Use Z to cast anyway.) Qaiwisha avoids your attack.
The stone arrow hits the orc priest!!
You kill the orc priest!
An orc comes into view. It is wielding a +0 flail.
You can't see any susceptible monsters within range! (Use Z to cast anyway.)
An orc is nearby!
Qaiwisha hits the orc with a +0 quarterstaff!!
The orc dies!
You can't see any susceptible monsters within range! (Use Z to cast anyway.)
You swap places.
You now have 1761 gold pieces (gained 23).
Things that are here:
a +0 short sword; a +0 scale mail; an orc corpse You now have 1779 gold pieces (gained 18).
Things that are here:
a +0 flail; a +0 leather armour; an orc corpse You now have 1796 gold pieces (gained 17).
You now have 1807 gold pieces (gained 11).
You now have 1820 gold pieces (gained 13).
An ogre comes into view. It is wielding a +0 giant spiked club.
The ogre shouts!
You hear a shout!
An ogre is nearby!
An ogre is nearby!
An ogre is nearby!
You stride towards the ogre!
You barely miss the ogre. The ogre closely misses you.
The stone arrow hits the ogre!!
The ogre is almost dead.
The ogre barely misses you.
The stone arrow hits the ogre!
You kill the ogre!
An orc comes into view.
It is wielding a +2 hand axe of holy wrath.
An orc is nearby!
The stone arrow hits the orc!
You kill the orc!
You can't see any susceptible monsters within range! (Use Z to cast anyway.)
An orc priest comes into view. It is wielding a +0 dagger of venom.
An orc priest is nearby!
An orc priest is nearby!
The stone arrow hits the orc priest!!
You kill the orc priest!
An orc comes into view. It is wielding a +0 falchion.
An orc is nearby!
An orc is nearby!
An orc is nearby!
Qaiwisha gestures at the orc while chanting.
The bolt of magma hits the orc!!
The orc dies!
You can't see any susceptible monsters within range! (Use Z to cast anyway.) Search for what [Enter for "trol", or ? for help]? mace There's nothing to close nearby.
Okay, then.
Magic restored.
Things that are here:
a +0 dagger of venom; an orc corpse
Things that are here:
a +0 ring mail; a +2 hand axe of holy wrath
Found a staircase to the Elven Halls.
An orc comes into view.
It is wielding a +0 flail and wearing a +1 leather armour of fire resistance.
The orc shouts!
You hear a shout!
An orc wizard comes into view. It is wielding a +0 dagger. x2
You stride towards the orc! 2 orcs come into view.
You completely miss the orc.
The orc wizard shouts!
The orc shouts!
The orc misses you.
The orc wizard points at you and mumbles some strange words.
The magic dart hits you. The orc wizard casts a spell at you.
The magic dart hits you but does no damage.
The stone arrow hits the orc wizard!!
You kill the orc wizard!
The stone arrow hits the orc wizard!
The orc wizard is almost dead.
You block the orc's attack. The orc completely misses you.
The stone arrow misses the orc wizard.
The stone arrow hits the orc!
You kill the orc!
The orc wizard hits you but does no damage.
You block the orc's attack. x2
The stone arrow misses the orc wizard.
The orc wizard hits you but does no damage.
The orc barely misses you.
The orc barely misses Qaiwisha.
The orc hits you but does no damage.
Qaiwisha hits the orc with a +0 quarterstaff!!
The orc dies!
The stone arrow hits the orc wizard!!
You kill the orc wizard!
The orc hits you but does no damage.
You hit the orc.
The orc is moderately wounded.
You block the orc's attack.
Qaiwisha points at the orc and mumbles some strange words.
The bolt of magma misses the orc.
You closely miss the orc.
The orc is moderately wounded.
The orc misses you.
Qaiwisha hits the orc with a +0 quarterstaff!!
The orc dies!
No target in view!
You now have 1842 gold pieces (gained 22).
You swap places.
Items here: )) [ †.
Things that are here:
a +0 dagger; a +0 robe; an orc corpse
Things that are here:
a +0 flail; a +1 leather armour of fire resistance; an orc corpse You now have 1853 gold pieces (gained 11). 2 orcs come into view.
The orc shouts!
There are monsters nearby!
You stride towards the orc!
An orc warrior and an orc come into view.
The orc is wielding a +0 heavy flail.
Found 31 gold pieces.
You barely miss the orc.
The orc shouts!
You block the orc's attack. x2; The orc closely misses you.
The stone arrow misses the orc.
The orc hits you but does no damage.
The stone arrow misses the orc.
The orc misses you. The orc hits you but does no damage. x2
The stone arrow hits the orc!
You kill the orc!
You block the orc's attack.
The stone arrow hits the orc!!
You kill the orc!
The orc barely misses you.
The stone arrow hits the orc warrior!
The orc warrior is severely wounded.
Qaiwisha casts a spell at the orc.
The stone arrow hits the orc!!
The orc dies!
The orc warrior closely misses you.
The stone arrow hits the orc warrior!
You kill the orc warrior!
You can't see any susceptible monsters within range! (Use Z to cast anyway.)
Things that are here:
a +0 heavy flail; an orc corpse You now have 1884 gold pieces (gained 31).
You swap places.
You now have 1910 gold pieces (gained 26).
You now have 1925 gold pieces (gained 15).
You now have 1953 gold pieces (gained 28).
You now have 2017 gold pieces (gained 64).
You now have 2031 gold pieces (gained 14).
Key pressed, stopping explore.
You swap places.
An orc comes into view.
It is wielding a +0 dagger of electrocution.
The orc shouts!
The stone arrow hits the orc!!
You kill the orc!
You see here a +0 dagger of electrocution.
An orc priest and a kobold blastminer come into view.
The orc priest shouts!
The kobold blastminer shouts!
You hear a shout! x8
You can't see any susceptible monsters within range! (Use Z to cast anyway.)
An orc sorcerer comes into view. It is wielding a +0 dagger.
Qaiwisha avoids your attack.
The stone arrow misses the orc priest.
An orc wizard comes into view. It is wielding a +0 dagger.
An orc sorcerer comes into view. It is wielding a +0 dagger.
Okay, then.
Okay, then.
Okay, then.
Qaiwisha avoids your attack.
The stone arrow hits the orc wizard!!
You kill the orc wizard!
Something hits Qaiwisha but does no damage.
Something hits Qaiwisha.
Qaiwisha avoids your attack.
The stone arrow hits the orc sorcerer!
The orc sorcerer is moderately wounded.
You hear a shout!
Qaiwisha casts a spell at the orc priest.
You feel a bit more experienced.
An orc knight comes into view. It is wielding a +0 great mace.
An orc priest comes into view. It is wielding a +0 hand axe.
You hear a shout! x2
The stone arrow hits the orc sorcerer!
The orc sorcerer is heavily wounded.
Qaiwisha misses the orc sorcerer.
The kobold blastminer's cannon shakes and flares with a red glow.
The orc priest looks braver for a moment.
The stone arrow hits the orc sorcerer but does no damage.
The orc sorcerer is heavily wounded.
Qaiwisha hits the orc sorcerer with a +0 quarterstaff!!
The orc sorcerer dies!
The orc priest misses Qaiwisha.
Qaiwisha avoids your attack.
The stone arrow hits the orc priest!!
You kill the orc priest!
An orc high priest comes into view. It is wielding a +2 heavy battleaxe.
Something hits Qaiwisha!!
The kobold blastminer wields a +0 orcbow.
The kobold blastminer shoots an arrow.
The arrow hits Qaiwisha!
You can't see any susceptible monsters within range! (Use Z to cast anyway.) Qaiwisha completely misses the orc knight.
The orc knight roars a battlecry!
An orc wizard and an orc high priest come into view.
The orc high priest shouts!
The orc wizard shouts!
You hear a shout! x2
The orc high priest invokes the aid of Beogh against you.
Beogh smites you!
An orc priest comes into view. It is wielding a +0 hand axe.
Qaiwisha hits the orc knight with a +0 quarterstaff!
Qaiwisha hits the orc wizard with a +0 quarterstaff.
Something hits Qaiwisha!
Qaiwisha is destroyed!
The orc wizard points at you and mumbles some strange words.
The magic dart hits you!
The orc knight roars a battlecry!
The orc wizard goes into a battle-frenzy!
The orc wizard gestures at you while chanting.
The magic dart hits you but does no damage.
The orc wizard no longer looks unusually strong.
There is a stone staircase leading up here.
The stone arrow hits the orc wizard!!
You kill the orc wizard!
The orc knight roars a battlecry!
You can't see any susceptible monsters within range! (Use Z to cast anyway.)
You climb upwards.
There is a stone staircase leading down here.
You start resting.
Qaiwisha emerges from the mists of memory!
You start resting.
Magic restored.
You start resting.
HP restored.
You climb downwards.
The orc knight roars a battlecry!
The orcs go into a battle-frenzy!
The orc high priest mumbles some strange prayers to Beogh.
The orc sorcerer gestures wildly while chanting.
The orc priest calls down the wrath of Beogh upon you.
Beogh smites you!
There is a stone staircase leading up here.
The orc knight hits you with a +0 great mace.
The orc high priest performs a strange gesture.
Qaiwisha hits the orc knight with a +0 quarterstaff!
You climb upwards.
There is a stone staircase leading down here.
The stone arrow hits the orc knight.
The orc knight is lightly wounded.
The orc knight hits you with a +0 great mace.
Qaiwisha gestures at the orc knight while chanting.
The bolt of magma hits the orc knight.
The stone arrow hits the orc knight!
The orc knight is moderately wounded.
You block the orc knight's attack.
Qaiwisha hits the orc knight with a +0 quarterstaff.
The stone arrow hits the orc knight!!
The orc knight is severely wounded.
You block the orc knight's attack.
Qaiwisha casts a spell at the orc knight.
The stone arrow hits the orc knight!
The stone arrow hits the orc knight!!
You kill the orc knight!
You start resting.
Magic restored.
You start resting.
HP restored.
You climb downwards.
There is a stone staircase leading up here.
The stone arrow hits the orc sorcerer.
The orc sorcerer is lightly wounded.
The orc high priest prays to Beogh.
The neqoxec gestures at you. Something gnaws on your mind!
You feel your power leaking away.
The orc sorcerer hits Qaiwisha with a +0 dagger.
Qaiwisha hits the orc sorcerer with a +0 quarterstaff!!
The orc sorcerer dies!
You climb upwards.
There is a stone staircase leading down here.
You can't see any susceptible monsters within range! (Use Z to cast anyway.)
You can't see any susceptible monsters within range! (Use Z to cast anyway.)
You can't see any susceptible monsters within range! (Use Z to cast anyway.)
You start resting.
Ancestor HP restored.
You start resting.
HP restored.
You start resting.
Magic restored.
You climb downwards.
The orc high priest utters an invocation to Beogh.
The orc high priest hits you but does no damage.
There is a stone staircase leading up, spattered with blood here.
Casting: Stone Arrow (safe; 1% risk of failure)
Confirm with . or Enter, or press ? or * to list all spells.
Aiming: Bombard (dangerous; 9% risk of failure)
Press: ? - help, Shift-Dir - straight line, f - orc high priest
Aim: an orc high priest, wielding a +0 halberd (ally target, 67% to hit)
The iron shot hits the orc high priest!!
The orc high priest is heavily wounded.
The orc high priest hits you but does no damage.
The red devil hits you with a +0 trident.
Barbed spikes become lodged in your body.
Qaiwisha hits the red devil with a +0 quarterstaff!!
Casting: Bombard (dangerous; 9% risk of failure)
Confirm with . or Enter, or press ? or * to list all spells.
Aiming: Stone Arrow (safe; 1% risk of failure)
Press: ? - help, Shift-Dir - straight line, f/p - orc high priest
Aim: an orc high priest, wielding a +0 halberd (heavily wounded, ally target, 72% to hit)
The stone arrow hits the orc high priest!!
The orc high priest is almost dead.
The orc high priest invokes the aid of Beogh against you.
Beogh smites you! The red devil closely misses you.
Qaiwisha hits the red devil with a +0 quarterstaff!!
The red devil dies!
The red devil disappears in a puff of smoke!
Casting: Stone Arrow (safe; 1% risk of failure)
Confirm with . or Enter, or press ? or * to list all spells.
Aiming: Stone Arrow (safe; 1% risk of failure)
Press: ? - help, Shift-Dir - straight line, f/p - orc high priest
Aim: an orc high priest, wielding a +0 halberd (almost dead, ally target, 72% to hit)
The stone arrow misses the orc high priest.
The orc high priest hits you but does no damage.
The stone arrow hits the orc high priest!!
You kill the orc high priest!
The orc priest invokes the aid of Beogh against you.
Beogh smites you!
You can't see any susceptible monsters within range! (Use Z to cast anyway.)
Okay, then.
Unknown command.
You carefully extract the barbed spikes from your body.
Qaiwisha hits the orc priest with a +0 quarterstaff!!
The orc priest dies!
Qaiwisha casts a spell at the orc high priest.
The bolt of magma hits the orc high priest!!
The orc high priest utters an invocation to Beogh.
Qaiwisha points at the orc high priest and mumbles some strange words.
The bolt of magma misses the orc high priest.
The orc high priest mumbles some strange prayers to Beogh against you.
Beogh smites you!
Qaiwisha misses the orc high priest.
You are too injured to fight recklessly!
You are too injured to fight recklessly!
Casting: Stone Arrow (safe; 1% risk of failure)
Confirm with . or Enter, or press ? or * to list all spells.
Aiming: Stone Arrow (safe; 1% risk of failure)
Press: ? - help, Shift-Dir - straight line, f - orc high priest
Aim: an orc high priest, wielding a +2 heavy battleaxe (heavily wounded, ally target, 72% to hit)
The stone arrow hits the orc high priest!!
The orc high priest is almost dead.
The orc high priest prays to Beogh.
Qaiwisha casts a spell at the orc high priest.
The stone arrow hits the orc high priest!!
The orc high priest dies!
The red devil disappears in a puff of smoke!
The ynoxinul disappears in a puff of smoke!
The sixfirhy disappears in a puff of smoke!
Magic restored.
HP restored.
You swap places.
Things that are here:
a +0 robe; a +0 dagger; an orc corpse
Things that are here:
a +0 robe; a +0 dagger; an orc skeleton You see here a +2 heavy battleaxe.
Key pressed, stopping explore.
Things that are here:
a +0 plate armour; a +0 great mace
Items here: )) [ ÷.
You now have 2055 gold pieces (gained 24).
Key pressed, stopping explore.
An ogre comes into view. It is wielding a +0 giant club.
The ogre shouts!
An ogre is nearby!
The stone arrow hits the ogre!!
The ogre is almost dead.
The stone arrow hits the ogre!
You kill the ogre!
You see here a +0 giant club.
You swap places.
You now have 2076 gold pieces (gained 21).
You swap places.
Found Azeucvu's Book Shop.
There is an entrance to Azeucvu's Book Shop here.
An orc wizard comes into view. It is wielding a +0 dagger.
The orc wizard moves out of view.
The orc wizard shouts!
The orc wizard casts a spell at you.
The magic dart hits you but does no damage.
An orc wizard is nearby!
The stone arrow hits the orc wizard!!
You kill the orc wizard!
An orc wizard and an orc sorcerer come into view.
The orc sorcerer is wielding a +0 dagger and wearing a +1 robe of willpower.
The orc wizard shouts!
The orc sorcerer shouts!
The orc wizard moves out of view.
An orc sorcerer is nearby!
An orc sorcerer is nearby!
An orc sorcerer is nearby!
An orc sorcerer is nearby!
The orc sorcerer gestures at you while chanting.
You resist with almost no effort.
The stone arrow hits the orc wizard!!
You kill the orc wizard!
The stone arrow hits the orc sorcerer!
The orc sorcerer is heavily wounded.
Qaiwisha avoids your attack.
The stone arrow hits the orc sorcerer!
The orc sorcerer is almost dead.
Qaiwisha hits the orc sorcerer with a +0 quarterstaff!
The orc sorcerer dies!
An orc priest comes into view. It is wielding a +0 dagger.
An orc priest is nearby!
An orc priest is nearby!
You can't see any susceptible monsters within range! (Use Z to cast anyway.)
The stone arrow misses the orc priest.
Qaiwisha hits the orc priest with a +0 quarterstaff!!
The orc priest dies!
You can't see any susceptible monsters within range! (Use Z to cast anyway.)
Things that are here:
a +0 dagger; a +1 robe of willpower; an orc corpse You swap places.
An orc sorcerer comes into view. It is wielding a +0 dagger.
An orc sorcerer is nearby!
The orc sorcerer shouts!
You hear a shout!
You can't see any susceptible monsters within range! (Use Z to cast anyway.)
The stone arrow hits the orc sorcerer!!
The orc sorcerer is almost dead.
The stone arrow hits the orc sorcerer!!
You kill the orc sorcerer!
An orc knight comes into view. It is wielding a +3 great mace.
An orc knight is nearby!
You can't see any susceptible monsters within range! (Use Z to cast anyway.) Qaiwisha points at the orc knight and mumbles some strange words.
The stone arrow misses the orc knight.
The stone arrow hits the orc knight!!
The orc knight is heavily wounded.
Qaiwisha avoids your attack.
The stone arrow hits the orc knight!!
The orc knight is almost dead.
Qaiwisha gestures at the orc knight while chanting.
The stone arrow hits the orc knight!
The orc knight dies!
You can't see any susceptible monsters within range! (Use Z to cast anyway.)
You swap places.
Things that are here:
a +3 great mace; a +0 chain mail An orc high priest comes into view.
It is wielding a +0 hand axe.
An orc high priest is nearby!
The orc high priest shouts!
You can't see any susceptible monsters within range! (Use Z to cast anyway.)
The stone arrow hits the orc high priest!!
The orc high priest is heavily wounded.
Qaiwisha avoids your attack.
The stone arrow hits the orc high priest!!
The orc high priest is almost dead.
The orc high priest hits Qaiwisha but does no damage.
Qaiwisha hits the orc high priest with a +0 quarterstaff.
Qaiwisha avoids your attack.
The stone arrow misses the orc high priest.
The orc high priest mumbles some strange prayers to Beogh.
Qaiwisha hits the orc high priest with a +0 quarterstaff!
The orc high priest dies!
The smoke demon disappears in a puff of smoke!
The orange demon disappears in a puff of smoke!
A kobold blastminer is nearby!
A kobold blastminer is nearby!
A kobold blastminer is nearby!
A kobold blastminer is nearby!
You stride towards the kobold blastminer!
You barely miss the kobold blastminer.
The kobold blastminer unwields a +0 orcbow.
The kobold blastminer wields a +0 dagger.
The kobold blastminer hits you but does no damage.
The stone arrow hits the kobold blastminer!
The kobold blastminer is heavily wounded.
You block the kobold blastminer's attack.
The stone arrow misses the kobold blastminer.
The kobold blastminer blasts its cannon at you.
The iron shot hits you!
The stone arrow hits the kobold blastminer!!
You kill the kobold blastminer!
You can't see any susceptible monsters within range! (Use Z to cast anyway.)
An orc wizard comes into view. It is wielding a +0 dagger.
The orc wizard shouts!
You hear a shout!
An orc wizard is nearby!
The stone arrow hits the orc wizard!
You kill the orc wizard!
An orc knight comes into view. It is wielding a +2 heavy dire flail.
An orc knight is nearby!
Found Omeupn's Weapon Shoppe.
Things that are here:
a +0 robe; a +0 dagger; an orc skeleton The stone arrow misses the orc knight.
The stone arrow hits the orc knight!
The orc knight is lightly wounded.
The stone arrow hits the orc knight.
The orc knight is moderately wounded.
Qaiwisha casts a spell at the orc knight.
The bolt of magma hits the orc knight!
The stone arrow misses the orc knight.
You block the orc knight's attack.
The stone arrow hits the orc knight!!
The orc knight is severely wounded.
The stone arrow hits the orc knight!
The orc knight is almost dead.
You block the orc knight's attack.
The stone arrow hits the orc knight!
You kill the orc knight!
Your Earth Magic skill increases to level 10!
An orc priest is nearby!
Things that are here:
a +0 robe; a +0 dagger; an orc skeleton The stone arrow hits the orc priest!!
You kill the orc priest!
An orc knight comes into view. It is wielding a +2 battleaxe.
An orc knight is nearby!
The orc knight shouts!
The orc knight unwields a +2 battleaxe.
The orc knight wields a +0 arbalest.
The orc knight shoots a bolt.
You block the bolt with an invisible shield... and reflect it back!
The bolt hits the orc knight but does no damage.
You can't see any susceptible monsters within range! (Use Z to cast anyway.)
You can't see any susceptible monsters within range! (Use Z to cast anyway.)
The stone arrow hits the orc knight!
The orc knight is moderately wounded.
The orc knight shoots a bolt.
You block the bolt with an invisible shield... and reflect it back!
The bolt hits the orc knight but does no damage.
You hear a shout!
The stone arrow hits the orc knight.
The orc knight is moderately wounded.
The orc knight shoots a bolt.
The bolt closely misses you. Qaiwisha avoids your attack.
The stone arrow hits the orc knight!
The orc knight is moderately wounded.
The orc knight shoots a bolt.
The bolt barely misses Qaiwisha.
The bolt hits you! Qaiwisha avoids your attack.
The stone arrow hits the orc knight.
The orc knight is heavily wounded.
The orc knight shoots a bolt.
The bolt hits Qaiwisha!
Qaiwisha points at the orc knight and mumbles some strange words.
The bolt of magma misses the orc knight.
Qaiwisha avoids your attack.
The stone arrow hits the orc knight!!
The orc knight is almost dead.
The orc knight shoots a bolt.
The bolt completely misses Qaiwisha.
The bolt hits you.
Qaiwisha gestures at the orc knight while chanting.
The stone arrow hits the orc knight!
The orc knight dies!
You can't see any susceptible monsters within range! (Use Z to cast anyway.)
A kobold blastminer comes into view.
A kobold blastminer is nearby!
A kobold blastminer is nearby!
Qaiwisha avoids your attack.
The stone arrow hits the kobold blastminer!!
The kobold blastminer is heavily wounded.
The kobold blastminer wields a +0 arbalest.
The kobold blastminer shoots a bolt.
The bolt hits Qaiwisha!!
Qaiwisha avoids your attack.
The stone arrow misses the kobold blastminer.
Qaiwisha gestures at the kobold blastminer while chanting.
The stone arrow misses the kobold blastminer.
Qaiwisha avoids your attack.
The stone arrow misses the kobold blastminer.
The kobold blastminer shoots a bolt.
The bolt hits Qaiwisha!
Qaiwisha avoids your attack.
The stone arrow hits the kobold blastminer!
The kobold blastminer is severely wounded.
The kobold blastminer shoots a bolt.
The bolt hits Qaiwisha!
Qaiwisha hits the kobold blastminer with a +0 quarterstaff!!
The kobold blastminer dies!
You can't see any susceptible monsters within range! (Use Z to cast anyway.) Ancestor HP restored.
Things that are here:
a +3 leather armour; a +0 hand axe
Things that are here:
a +2 heavy dire flail; a +0 plate armour
Things that are here:
a +3 leather armour; a +0 hand axe
Things that are here:
a +0 flail; a +0 ring mail; an orc corpse
Found Pihotrul's Assorted Antiques.
There is an entrance to Omeupn's Weapon Shoppe here.
There is an entrance to Pihotrul's Assorted Antiques here.
e - the +0 pair of gloves of Foolhardiness {+Blink rC- rCorr Dex+5} Thank you for shopping at Pihotrul's Assorted Antiques!
You drop the +0 pair of gloves of Foolhardiness {+Blink rC- rCorr Dex+5}.
Found Rasouq's Distillery.
Found Ylypuheo's Magic Scroll Shoppe.
There is an entrance to Rasouq's Distillery here.
There is an entrance to Ylypuheo's Magic Scroll Shoppe here.
T - 2 scrolls of blinking (gained 1)
E - 8 scrolls of teleportation (gained 1)
w - 5 scrolls of revelation (gained 1) Thank you for shopping at Ylypuheo's Magic Scroll Shoppe!
Items here: ))) [ †.
You swap places.
You swap places.
Done exploring.
Done exploring.
Done exploring.
Done exploring.
Done exploring.
Done exploring.
Search for what [Enter for "mace", or ? for help]? trov You swap places.
You see here a +0 giant club.
There is a stone staircase leading up here.
You climb upwards.
There is a stone staircase leading down here.
You swap places.
There is a staircase back to the Dungeon here.
You climb upwards.
Welcome back to the Dungeon!
There is a staircase to the Orcish Mines here.
There is an open door, spattered with blood here.
Items here: ))))))) [[[[ ÷÷.
There is an open door here.
There is a stone staircase leading down here.
You climb downwards.
There is a stone staircase leading up here.
There is an open door here.
There is an open door here.
There is a portal to a secret trove of treasure here.
The portal accepts the items and buzzes to life!
The world spins around you as you enter the gateway.
You enter a treasure trove!
Found a gate leading back out of this place.
There is an empty arch of ancient stone here.
Something appears at your feet!
You now have 2249 gold pieces (gained 605).
You open the large door.
Found a ring of flight.
There is a large open door here.
Found an amulet of regeneration and an amulet of reflection.
You open the door.
There is an open door here.
e - the ring "Mofu Xae" {rC+ rN+ Int+6} You swap places.
There is an open door here.
You drop +0 gold dragon scales.
You drop an amulet of regeneration.
You drop 5 throwing nets.
You drop a +5 ring of evasion.
You remove your +6 ring of intelligence.
You stop dropping stuff.
You feel stupid.
You drop a +6 ring of intelligence.
You feel clever.
e - the ring "Mofu Xae" (right hand) {rC+ rN+ Int+6} You swap places.
g - a ring of protection from fire You see here a ring of flight.
You swap places.
You swap places.
You see here a ring of flight.
q - the ring of the Pharaoh's Fist {rPois rCorr Str+6 Dex+3}
F - a +4 ring of slaying You swap places.
There are no items here.
You drop a +4 ring of slaying.
You swap places.
F - an amulet of regeneration
Okay, then.
Okay, then.
L - the ring of Nuotail {Fly Int+4} You drop a ring of flight.
v - the amulet "Araq" {Acrobat rF+ rCorr Str+2 Slay+2} You start removing your amulet.
You continue removing your amulet of reflection. x4
You finish removing your amulet of reflection.
You start putting on your amulet.
You continue putting on the amulet "Araq" {Acrobat rF+ rCorr Str+2 Slay+2}. x5
You finish putting on the amulet "Araq" {Acrobat rF+ rCorr Str+2 Slay+2}.
You feel ready to tumble and roll out of harm's way.
You feel stronger.
v - the amulet "Araq" (around neck) {Acrobat rF+ rCorr Str+2 Slay+2} You drop an amulet of the acrobat.
You drop an amulet of reflection.
You drop an amulet of regeneration.
Unknown command.
f - a ring of protection from fire
s - an amulet of reflection You drop an amulet of reflection.
s - the ring of the Demon Prince {Str+3 Slay+3 SInv}
Okay, then.
Okay, then.
F - a ring of see invisible You drop a ring of see invisible.
F - a ring of protection from cold You drop a ring of protection from cold.
F - the ring of Equor {rN+ MP+9} You're wearing all the rings you can.
Remove which one? (? for menu, Esc to cancel) < or
x - a ring of magical power > or
e - the ring "Mofu Xae" {rC+ rN+ Int+6} You remove your ring of magical power.
You feel your magic capacity decrease.
You feel your magic capacity increase.
F - the ring of Equor (left hand) {rN+ MP+9} You drop a ring of magical power.
You see here an amulet of faith.
x - a +4 ring of slaying You drop a +4 ring of slaying.
You open the door.
There is an open door here.
There is a large open door here.
There is a gate leading back out of this place here.
Welcome back to the Dungeon!
There is a collapsed entrance here.
Okay, then.
Magic restored.
Done exploring.
Done exploring.
Done exploring.
What level of the Swamp? (default 1, ? - help)
There is an open door here.
You enter the shallow water.
Moving in this stuff is going to be slow.
There is a staircase to the Lair here.
You climb downwards.
Welcome back to the Lair of Beasts!
There is a staircase back to the Dungeon here.
There is a stone staircase leading down here.
You climb downwards.
There is a stone staircase leading up here.
There is a staircase to the Swamp here.
You climb downwards.
Welcome to the Swamp!
This branch is noisy: sounds don't travel as far here.
This branch contains the decaying rune of Zot.
Found a shiny chain mail and a book of the Hunter.
There is a staircase back to the Lair here.
A tyrant leech comes into view.
The stone arrow hits the tyrant leech!
The tyrant leech is lightly wounded.
Qaiwisha avoids your attack.
The stone arrow hits the tyrant leech!!
The tyrant leech is severely wounded.
The tyrant leech bites Qaiwisha.
Qaiwisha avoids your attack.
The stone arrow hits the tyrant leech!
The tyrant leech is almost dead.
A spriggan rider comes into view. It is wielding a +0 spear.
Qaiwisha barely misses the tyrant leech.
The spriggan rider moves out of view.
Qaiwisha avoids your attack.
The stone arrow misses the tyrant leech.
The tyrant leech completely misses Qaiwisha.
Qaiwisha barely misses the tyrant leech.
Something hits Qaiwisha.
Qaiwisha avoids your attack.
The stone arrow hits the tyrant leech!!
You kill the tyrant leech!
A spriggan rider is nearby!
Qaiwisha avoids your attack.
The stone arrow hits the spriggan rider!
The spriggan rider is lightly wounded.
The spriggan rider hits you from afar with a +0 spear!!
Qaiwisha closely misses the spriggan rider.
Qaiwisha avoids your attack.
The stone arrow hits the spriggan rider!!
The spriggan rider is heavily wounded.
The spriggan rider hits you but does no damage.
Qaiwisha hits the spriggan rider with a +0 quarterstaff!
The spriggan dies!
Qaiwisha avoids your attack.
The stone arrow hits the hornet!
The hornet is severely wounded.
The hornet stings Qaiwisha.
Qaiwisha gestures at the hornet while chanting.
The stone arrow hits the hornet!
The hornet dies!
You can't see any susceptible monsters within range! (Use Z to cast anyway.)
A spriggan rider comes into view. It is wielding a +0 spear.
Qaiwisha hits the spriggan rider with a +0 quarterstaff!
The spriggan rider hits you but does no damage.
A spriggan rider is nearby!
Qaiwisha avoids your attack.
The stone arrow misses the spriggan rider.
Qaiwisha barely misses the spriggan rider.
The spriggan rider hits you from afar with a +0 spear!
Casting: Stone Arrow (safe; 1% risk of failure)
Confirm with . or Enter, or press ? or * to list all spells.
Aiming: Bombard (dangerous; 8% risk of failure)
Press: ? - help, Shift-Dir - straight line, f/p - spriggan rider
Aim: a spriggan rider, wielding a +0 spear (moderately wounded, ally target, 48% to hit)
Qaiwisha avoids your attack.
The iron shot hits the spriggan rider!!
You kill the spriggan!
The hornet is severely wounded.
You hear a shout!
The hornet barely misses Qaiwisha.
Qaiwisha casts a spell at the hornet.
The stone arrow hits the hornet!!
The hornet dies!
Found 13 gold pieces.
A spriggan rider comes into view. It is wielding a +0 spear.
The spriggan rider closely misses Qaiwisha.
You enter the shallow water.
Moving in this stuff is going to be slow.
Qaiwisha hits the spriggan rider with a +0 quarterstaff!!
The spriggan rider hits Qaiwisha with a +0 spear!!
Qaiwisha closely misses the spriggan rider.
There is a staircase back to the Lair here.
A spriggan rider is nearby!
A spriggan rider is nearby!
Casting: Bombard (dangerous; 8% risk of failure)
Confirm with . or Enter, or press ? or * to list all spells.
Aiming: Bombard (dangerous; 8% risk of failure)
Press: ? - help, Shift-Dir - straight line, f - spriggan rider
Aim: a spriggan rider, wielding a +0 spear (moderately wounded, ally target, 48% to hit)
The iron shot hits the spriggan rider!!
You kill the hornet!
The spriggan falls from its now dead mount.
The spriggan is severely wounded.
* * * LOW MAGIC WARNING * * *
Qaiwisha misses the spriggan.
A spriggan is nearby!
Casting: Bombard (dangerous; 8% risk of failure)
Confirm with . or Enter, or press ? or * to list all spells.
Aiming: Stone Arrow (safe; 1% risk of failure)
Press: ? - help, Shift-Dir - straight line, f/p - spriggan
Aim: a spriggan, wielding a +0 spear (severely wounded, ally target, 55% to hit)
The stone arrow hits the spriggan!
You kill the spriggan!
* * * LOW MAGIC WARNING * * *
You start resting.
Ancestor HP restored.
You start resting.
A swamp dragon comes into view.
The swamp dragon breathes poison at you.
Qaiwisha points at the swamp dragon and mumbles some strange words.
The bolt of magma hits the swamp dragon!
Qaiwisha barely misses the swamp dragon.
The stone arrow hits the swamp dragon!
The swamp dragon is moderately wounded.
Qaiwisha hits the swamp dragon with a +0 quarterstaff!
The swamp dragon breathes poison at you.
The blast of poison misses you.
The stone arrow hits the swamp dragon!!
The swamp dragon is almost dead.
Qaiwisha hits the swamp dragon with a +0 quarterstaff!!
The swamp dragon dies!
HP restored.
Magic restored.
Things that are here:
a +0 spear; a spriggan corpse
Found a robe.
You see here a +0 chain mail of poison resistance.
Found a human skeleton.
A bog body comes into view.
The bog body gestures at you while chanting.
You resist with almost no effort.
You see here a book of the Hunter.
The stone arrow misses the bog body.
The stone arrow hits the bog body!!
The bog body is severely damaged.
The bog body points at you and mumbles some strange words.
The bolt of cold hits you. You resist.
The stone arrow hits the bog body.
The bog body is almost destroyed.
The bog body points at you and mumbles some strange words.
The bolt of cold hits you. You resist.
The bolt of cold hits Qaiwisha!
Qaiwisha resists.
The stone arrow hits the bog body!
You destroy the bog body!
Ancestor HP restored.
Found a viscous orange potion.
Found a leather armour.
You now have 2274 gold pieces (gained 25).
i - 3 scrolls of noise (gained 1)
Found 7 stones and a sling.
You enter the shallow water.
Moving in this stuff is going to be slow.
Found a stone staircase leading down.
You now have 2287 gold pieces (gained 13).
There is a stone staircase leading down here.
You enter the shallow water.
Moving in this stuff is going to be slow.
A hog comes into view.
Found 22 gold pieces.
A hog is nearby!
What are your orders? t - Shout!
Orders for allies: a - Attack new target. r - Retreat! s - Stop attacking. g - Guard the area. f - Follow me.
Anything else - Cancel.
Gang up on whom?
Press: ? - help, Dir - move target, f - hog
Aim: a hog (asleep, ally target) Attack!
A hog comes into view.
The hog bites Qaiwisha.
Qaiwisha gestures at the hog while chanting.
The stone arrow misses the hog.
The hog barely misses Qaiwisha.
The hog misses Qaiwisha.
Qaiwisha points at the hog and mumbles some strange words.
The stone arrow misses the hog.
The hog misses Qaiwisha.
Qaiwisha casts a spell at the hog.
The bolt of magma hits the hog!!
The hog is engulfed in a cloud of scalding steam.
The hog splashes around in the water.
Something bites Qaiwisha.
Qaiwisha hits the hog with a +0 quarterstaff!
The hog dies!
Something bites Qaiwisha!
Qaiwisha hits the hog with a +0 quarterstaff!!
The hog bites Qaiwisha but does no damage.
The hog bites Qaiwisha.
Qaiwisha hits the hog with a +0 quarterstaff!!
The hog dies!
Kirke, Weaver of Myths comes into view.
Found a stone staircase leading down.
What are your orders? t - Shout!
Orders for allies: a - Attack new target. r - Retreat! s - Stop attacking. g - Guard the area. f - Follow me.
Anything else - Cancel.
Gang up on whom?
Press: ? - help, Dir - move target, f - Kirke
Aim: Kirke (ally target) Attack!
You see here a hog corpse.
You enter the shallow water.
Moving in this stuff is going to be slow. 2 hogs come into view.
The hog squeals angrily.
A spriggan air mage comes into view.
The spriggan air mage waves its arms in wide circles.
The air twists around and strikes you!
The stone arrow hits Kirke!!
Kirke is lightly wounded.
Qaiwisha closely misses Kirke.
The stone arrow hits Kirke!
Kirke is moderately wounded.
Kirke gestures wildly while chanting.
Kirke flickers and vanishes for a moment.
Qaiwisha casts a spell at Kirke.
The bolt of magma hits Kirke!!
The stone arrow hits Kirke!!
Kirke is severely wounded.
A goliath frog comes into view.
Kirke mumbles some strange words.
Kirke summons a lindwurm!
The spriggan air mage waves its arms in wide circles.
The air twists around and strikes you!
Qaiwisha hits Kirke with a +0 quarterstaff!
Casting: Stone Arrow (safe; 1% risk of failure)
Confirm with . or Enter, or press ? or * to list all spells.
Aiming: Stone Arrow (safe; 1% risk of failure)
Press: ? - help, Shift-Dir - straight line, f/p - Kirke
Aim: Kirke (severely wounded, slightly transparent, not watching you, ally target, 78% to hit)
The stone arrow hits Kirke!
Kirke is almost dead.
The hog bites Qaiwisha!
The spriggan air mage waves its arms in wide circles.
The air twists around and strikes you!!
* * * LOW HITPOINT WARNING * * *
The hog bites Qaiwisha but does no damage.
Qaiwisha hits the hog with a +0 quarterstaff!
The lindwurm breathes flames at you. The blast of flame hits you!!
* * * LOW HITPOINT WARNING * * *
Blink to where?
Press: ? - help, Dir - move target, p - Kirke
As you read the scroll of blinking, it crumbles to dust.
Okay, then.
You can't drink.
As you read the scroll of teleportation, it crumbles to dust.
You feel strangely unstable.
The goliath frog is engulfed in a cloud of scalding steam.
As you read the scroll of fog, it dissolves into smoke.
Something bites Qaiwisha.
Something barely misses Qaiwisha.
Something closely misses Qaiwisha. x2
Qaiwisha is recalled.
Your surroundings suddenly seem different.
A hog, a bog body, an alligator, 3 spriggans, a bunyip, 2 swamp drakes and a swamp worm come into view.
A spriggan berserker is wielding a +1 antimagic hand axe.
A spriggan berserker is wielding a +1 war axe of flaming.
A spriggan rider is wielding a +2 spear of venom.
Found a mace and a spear.
The spriggan berserker shouts!
The bunyip gives a hideous shriek!
The swamp drake roars! x2
The bunyip howls a warning cry!
The spriggan berserker utters an invocation to Trog.
The spriggan berserker goes berserk!
The swamp drake moves out of view.
Unknown command.
Blink to where?
Press: ? - help, Dir - move target A swamp drake comes into view.
Found a ring of willpower and a club.
As you read the scroll of blinking, it crumbles to dust.
Kirke shouts!
The lindwurm roars!
The hog squeals angrily. x2
The spriggan air mage shouts!
Okay, then.
Press: ? - help, v - describe, . - travel
Here: a spriggan air mage, wearing a +0 robe (repelling missiles) Some shallow water.
Okay, then.
Okay, then.
You can't drink.
Okay, then.
As you read the scroll of summoning, it crumbles to dust.
Wisps of shadow whirl around you... The swamp drake breathes poison at you.
The spriggan berserker utters an invocation to Trog.
The polar bear goes berserk!
The spriggan rider hits your bunyip with a +2 spear of venom!!
Your bunyip is poisoned.
The lindwurm breathes flames at you.
The blast of flame hits your tyrant leech!!!
The blast of flame hits you!
You die...
Hepliaklqana delivers you to your ancestors.

~~~~....~~~~.~~
n~~~...~~....~.
~~...~~~~~~.. ♣
♣~.~~~~~~~.♣ k.
♣~.~i~~~~~.♣ ...
♣~...~♣♣.hi~...♣♣.~~.
♣.~~.. ♣ikx.x○○=~~~.
...~~~. ♣..h○○~~~.♣
~...... ♣~.@○D~~~.♣
.)...♣l ♣.~i§~.~♣♣♣♣♣
..w.)..
♣)~~~~w.♣§♣~~♣♣
~~~~...
♣.~~~~§..$§~~.♣
♣..~~~~..@~~~.♣
♣♣♣♣.~~.kh~~..♣
♣♣.~~~§~~~♣
~~~..♣♣~.~~~~.†.♣♣ ♣
~~.(.~~♣...)..♣~.♣♣


You could see Kirke (invisible), a bunyip, a spriggan rider (ally target), 2
spriggan berserkers, a lindwurm (summoned, catching breath, ally target), a
spriggan air mage (repels missiles, ally target), a polar bear (summoned,
berserk), a hog, 2 swamp drakes, a friendly bunyip (summoned, very poisoned), a
friendly eight-headed hydra (summoned) and a friendly tyrant leech (summoned).

Vanquished Creatures
  Gastronok (Orc:1)
  A frost giant (D:13)
  Snorg (Lair:4)
  A yaktaur captain (D:13)
  Harold (Lair:1)
  4 hydras
  2 rakshasas (D:15)
  5 centaur warriors
  An ogre mage (D:14)
  A boulder beetle (D:15)
  6 two-headed ogres
  2 orc high priests
  2 occultists
  Urug (Orc:1)
  4 skysharks
  An orb spider (Lair:3)
  2 bog bodies
  Pikel (D:7)
  A lindwurm (Lair:5)
  3 orc knights
  2 deep elf pyromancers
  4 large abominations (D:13)
  A phantasmal warrior (D:15)
  4 deep elf zephyrmancers
  An ugly thing (D:12)
  2 wolf spiders
  3 orc sorcerers
  2 cyclopes (D:13)
  3 manticores
  An oklob plant (Lair:5)
  Maurice (Orc:1)
  5 elephants
  2 kobold blastminers
  2 centaur zombies (D:15)
  2 meliai (D:13)
  6 black mambas
  2 ice statues (IceCv)
  A guardian serpent (D:15)
  7 cane toads
  2 yaktaurs (D:14)
  2 gargoyles
  An unseen horror (D:11)
  Maggie (D:7)
  3 kobold demonologists
  3 komodo dragons (Lair:5)
  4 anaconda simulacra (IceCv)
  3 tengu conjurers
  A rime drake (Lair:5)
  5 ice devils (IceCv)
  A harpy zombie (D:15)
  4 trolls
  2 polar bears
  A wind drake (Lair:5)
  4 hornets
  A snapping turtle (Lair:5)
  11 blink frogs
  A harpy skeleton (D:15)
  A tyrant leech (Swamp:1)
  2 dream sheep (Lair:4)
  11 slime creatures
  7 spriggans
  A wraith (D:11)
  A dire elephant simulacrum (IceCv)
  A water elemental (D:11)
  2 wyverns
  10 vampire mosquitoes
  5 basilisks
  2 wargs
  25 yaks
  A steam dragon (Bailey)
  A harpy simulacrum (IceCv)
  7 water moccasins
  2 swamp worms (Lair:2)
  A hydra simulacrum (IceCv)
  2 black bears
  13 orc warriors
  5 laughing skulls
  6 centaurs
  15 wolves
  11 ogres
  A phantom (D:5)
  3 kobold brigands
  5 bullfrogs
  A gnoll sergeant (D:10)
  2 scorpions (D:5)
  A cane toad simulacrum (IceCv)
  5 small abominations
  9 wights
  7 killer bees
  A howler monkey (D:13)
  6 electric eels
  A lava snake (Lair:4)
  3 hounds
  A jelly (D:7)
  7 orc priests
  An iguana (D:5)
  3 hell rats (Lair:2)
  13 orc wizards
  A troll simulacrum (IceCv)
  6 adders
  A white imp (D:4)
  2 dart slugs
  A ribbon worm (D:3)
  29 orcs
  8 ball pythons
  6 bats
  4 endoplasms
  4 giant cockroaches
  8 goblins
  2 hobgoblins (D:2)
  2 quokkas (D:1)
  2 frilled lizards (D:1)
  8 kobolds
  7 rats
435 creatures vanquished.

Vanquished Creatures (collateral kills)
  2 hydras
  A catoblepas (Lair:3)
  A centaur warrior (D:13)
  A merfolk avatar (Lair:5)
  A tengu warrior (D:13)
  4 two-headed ogres
  2 orc high priests (Orc:2)
  A skyshark (Lair:4)
  A swamp dragon (Swamp:1)
  2 arcanists
  2 harpies (Lair:5)
  A deep elf pyromancer (D:15)
  2 necromancers
  3 orc knights (Orc:2)
  An ugly thing (D:15)
  3 orc sorcerers (Orc:2)
  An oklob plant (Lair:4)
  A manticore (Lair:5)
  A large abomination (D:13)
  A cyclops (D:11)
  5 elephants
  A meliai (D:13)
  Joseph (D:7)
  2 kobold blastminers
  2 torpor snails
  3 black mambas (Lair:5)
  A cane toad (Lair:5)
  A gargoyle (D:9)
  An efreet (D:14)
  An unseen horror (D:11)
  4 komodo dragons
  2 ice devils (IceCv)
  2 polar bears (Lair:5)
  3 hornets
  A hornet (shapeshifter) (D:15)
  2 blink frogs
  2 dream sheep (Lair:4)
  Sigmund (D:4)
  8 slime creatures
  2 dire elephant simulacra (IceCv)
  4 spriggans
  11 yaks
  A vampire (D:12)
  2 wyverns (Lair:3)
  A wraith (D:12)
  A basilisk (Lair:1)
  2 steam dragons
  2 hogs (Swamp:1)
  A warg (Orc:2)
  2 vampire mosquitoes (D:13)
  A harpy simulacrum (IceCv)
  5 water moccasins
  6 orc warriors
  An ice beast (D:8)
  A black bear (Lair:3)
  A laughing skull (D:13)
  4 ogres
  A small abomination (D:13)
  8 wolves
  2 centaurs
  A phantom (D:5)
  3 kobold brigands
  2 gnoll sergeants (D:10)
  4 bullfrogs
  4 scorpions (D:5)
  9 wights
  8 killer bees
  An elephant simulacrum (IceCv)
  3 howler monkeys
  4 hounds
  2 jellies
  A bombardier beetle (D:5)
  4 orc priests
  5 orc wizards
  2 hell rats (Lair:2)
  A spriggan simulacrum (IceCv)
  7 gnolls
  9 adders
  A shadow imp (D:6)
  2 white imps (D:5)
  3 ufetubi
  2 dart slugs
  25 orcs
  A giant cockroach (D:4)
  2 goblins (D:3)
  2 kobolds
  A ball python (D:4)
243 creatures vanquished.

Vanquished Creatures (others)
  An angel (D:9)
  28 battlemagi
29 creatures vanquished.

Grand Total: 707 creatures vanquished

Notes
Turn   | Place    | Note
-------+----------+-------------------------------------------
     0 | D:1      | sleeves the Mummy Artificer began the quest for the Orb.
     0 | D:1      | Reached XP level 1. HP: 15/15 MP: 1/1
   299 | D:1      | HP: 7/15 [constriction (1)]
   674 | D:1      | Reached skill level 1 in Fire Magic
   674 | D:1      | Reached XP level 2. HP: 13/21 MP: 2/2
  1222 | D:2      | Reached XP level 3. HP: 21/26 MP: 3/3
  1227 | D:2      | Reached skill level 2 in Fire Magic
  1329 | D:2      | HP: 12/26 [adder (4)]
  1547 | D:2      | Found a hazy altar of Hepliaklqana.
  1783 | D:2      | Became a worshipper of Hepliaklqana the Forgotten
  2098 | D:3      | Noticed a steam dragon
  2196 | D:3      | Found Heowk's General Store.
  2265 | D:3      | Reached * piety under Hepliaklqana
  2308 | D:3      | Reached XP level 4. HP: 25/28 MP: 4/4
  2606 | D:3      | Reached skill level 3 in Fire Magic
  3118 | D:4      | Noticed a bullfrog
  3205 | D:4      | Reached XP level 5. HP: 33/33 MP: 5/5
  3208 | D:4      | Noticed Sigmund
  3225 | D:4      | Killed Sigmund
  3226 | D:4      | Reached skill level 4 in Fire Magic
  3226 | D:4      | Reached XP level 6. HP: 25/38 MP: 3/6
  3385 | D:4      | Reached skill level 5 in Fire Magic
  3497 | D:5      | Entered Level 5 of the Dungeon
  3517 | D:5      | Reached ** piety under Hepliaklqana
  3518 | D:5      | Remembered your ancestor Qaiwisha as a battlemage
  3783 | D:5      | Learned a level 3 spell: Stone Arrow
  3796 | D:5      | HP: 18/38 [gnoll/+0 halberd (9)]
  3966 | D:5      | Reached skill level 1 in Conjurations
  3966 | D:5      | Reached skill level 1 in Earth Magic
  3972 | D:5      | Reached XP level 7. HP: 36/43 MP: 7/7
  4039 | D:5      | Reached skill level 2 in Conjurations
  4039 | D:5      | Reached skill level 2 in Earth Magic
  4285 | D:5      | Reached skill level 3 in Conjurations
  4285 | D:5      | Reached skill level 3 in Earth Magic
  4366 | D:5      | Reached XP level 8. HP: 48/48 MP: 8/8
  4476 | D:5      | Reached skill level 4 in Conjurations
  4476 | D:5      | Reached skill level 4 in Earth Magic
  4600 | D:5      | Noticed a two-headed ogre
  4635 | D:5      | Killed a two-headed ogre
  4636 | D:5      | Reached skill level 5 in Conjurations
  4636 | D:5      | Reached skill level 5 in Earth Magic
  4636 | D:5      | Reached XP level 9. HP: 53/53 MP: 9/9
  4753 | D:5      | Found a basalt altar of Yredelemnul.
  4925 | D:6      | Found a stormy altar of Qazlal.
  4964 | D:6      | Reached skill level 6 in Conjurations
  4964 | D:6      | Reached skill level 6 in Earth Magic
  5258 | D:6      | Found Fiyfymu's Antique Weapon Boutique.
  5270 | D:6      | Got the Atlas of Nephomancy
  5544 | D:7      | Noticed a troll
  5547 | D:7      | Killed a troll
  5548 | D:7      | Reached skill level 2 in Spellcasting
  5648 | D:7      | Noticed Maggie
  5655 | D:7      | Killed Maggie
  5656 | D:7      | Reached skill level 3 in Spellcasting
  5873 | D:7      | Reached *** piety under Hepliaklqana
  5912 | D:7      | Noticed Pikel
  5921 | D:7      | Killed Pikel
  5922 | D:7      | Reached skill level 5 in Spellcasting
  5922 | D:7      | Reached skill level 7 in Conjurations
  6024 | D:7      | Identified the +6 chain mail of Ru's Reproof {rElec Str+2}
  6109 | D:7      | Found a shadowy altar of Dithmenos.
  6256 | D:7      | Noticed Joseph
  6273 | D:7      | Killed Joseph
  6274 | D:7      | Reached XP level 10. HP: 55/58 MP: 14/18
  6439 | D:7      | Reached skill level 6 in Spellcasting
  6537 | D:7      | Found a blossoming altar of Fedhas.
  6615 | D:7      | Found Rolaeni's Serpentskin Sales.
  6873 | D:7      | Found a staircase to the Ecumenical Temple.
  6952 | D:8      | Reached skill level 8 in Conjurations
  7071 | D:8      | Reached skill level 7 in Spellcasting
  7590 | D:9      | Noticed a two-headed ogre
  7593 | D:9      | HP: 27/58 [two-headed ogre/+0 giant club (19)]
  7601 | D:9      | Killed a two-headed ogre
  7602 | D:9      | Reached skill level 8 in Spellcasting
  7684 | D:9      | HP: 16/58 [steam dragon/ball of steam (22)]
  7761 | D:9      | HP: 29/58 [killer bee (1)]
  7768 | D:9      | Killed an angel
  7775 | D:9      | Reached skill level 9 in Conjurations
  7775 | D:9      | HP: 23/58 [killer bee (7)]
  7776 | D:9      | Reached skill level 9 in Spellcasting
  7944 | D:9      | Found a flagged portal.
  7960 | Bailey   | Entered a bailey
  7960 | Bailey   | Reached **** piety under Hepliaklqana
  8047 | Bailey   | Reached XP level 11. HP: 63/63 MP: 18/24
  8232 | Bailey   | Reached skill level 10 in Spellcasting
  8299 | Bailey   | Noticed a two-headed ogre
  8305 | Bailey   | Killed a two-headed ogre
  8443 | D:9      | Identified a scroll of acquirement
  8610 | D:9      | Found a shimmering altar of Xom.
  8788 | D:9      | Noticed a two-headed ogre
  8794 | D:9      | Killed a two-headed ogre
  8795 | D:9      | Reached skill level 11 in Spellcasting
  8795 | D:9      | Reached skill level 10 in Conjurations
  9018 | D:10     | Entered Level 10 of the Dungeon
  9072 | D:10     | Found a shimmering blue altar of Sif Muna.
  9073 | D:10     | Found a sparkling altar of Nemelex Xobeh.
  9095 | D:10     | Found a sacrificial altar of Ru.
  9136 | D:10     | Reached ***** piety under Hepliaklqana
  9183 | D:10     | Found a staircase to the Orcish Mines.
  9536 | D:10     | Noticed a two-headed ogre
  9540 | D:10     | Killed a two-headed ogre
  9744 | D:10     | Reached skill level 12 in Spellcasting
  9836 | D:10     | Found a bloodstained altar of Trog.
 10045 | D:10     | Found a radiant altar of Vehumet.
 10045 | D:10     | Found a snail-covered altar of Cheibriados.
 10045 | D:10     | Found a burning altar of Makhleb.
 10303 | D:11     | Noticed a two-headed ogre
 10361 | D:11     | Found a portal to a secret trove of treasure.
 11020 | D:11     | Found a staircase to the Lair.
 11062 | D:12     | Reached XP level 12. HP: 48/68 MP: 25/28
 11062 | D:12     | Noticed a two-headed ogre
 11165 | D:12     | Reached skill level 11 in Conjurations
 11177 | D:12     | Reached skill level 6 in Fire Magic
 11390 | D:12     | Killed a two-headed ogre
 11586 | D:12     | Reached ****** piety under Hepliaklqana
 11683 | D:12     | Reached skill level 13 in Spellcasting
 11994 | D:12     | Found a runed translucent door.
 11994 | D:12     | Noticed Griffin23's ghost (journeyman MiFi)
 12002 | D:12     | Noticed a two-headed ogre
 12009 | D:12     | Killed a two-headed ogre
 12240 | D:12     | Noticed a two-headed ogre
 12249 | D:12     | Killed a two-headed ogre
 12708 | D:13     | Noticed a tengu warrior
 12714 | D:13     | Killed a tengu warrior
 12715 | D:13     | Reached skill level 7 in Fire Magic
 12858 | D:13     | Noticed a seven-headed hydra
 12858 | D:13     | Noticed a centaur warrior
 12860 | D:13     | HP: 30/68 [centaur warrior/arrow (7)]
 12865 | D:13     | Killed a seven-headed hydra
 12865 | D:13     | HP: 24/68 [centaur warrior/arrow (8)]
 12867 | D:13     | Killed a centaur warrior
 12868 | D:13     | Reached skill level 14 in Spellcasting
 13208 | D:13     | Noticed a centaur warrior
 13385 | D:13     | Noticed a centaur warrior
 13392 | D:13     | Killed a centaur warrior
 13395 | D:13     | Reached skill level 12 in Conjurations
 13526 | D:13     | Gained mutation: You are strongly in touch with the powers
                  | of death. [Mummy growth]
 13526 | D:13     | Reached XP level 13. HP: 48/72 MP: 30/31
 13774 | D:13     | Reached skill level 8 in Fire Magic
 14020 | D:13     | Noticed a frost giant
 14223 | D:13     | Got the Exposition on the Angular Ground
 14283 | D:13     | HP: 33/72 [frost giant/bolt of cold (14)]
 14461 | D:13     | Killed a frost giant
 14462 | D:13     | Reached skill level 15 in Spellcasting
 14576 | D:13     | Reached skill level 9 in Fire Magic
 14884 | D:14     | Found a runed translucent door.
 14888 | D:14     | Identified the +3 leather armour "Wyanefes" {*Corrode Fly
                  | rC++ rN+}
 14912 | D:14     | Noticed Yoho's ghost (journeyman MiFi)
 15167 | D:14     | Learned a level 4 spell: Sticky Flame
 15170 | D:14     | Learned a level 2 spell: Blink
 15179 | D:14     | Learned a level 8 spell: Ignition
 15184 | D:14     | Learned a level 4 spell: Iskenderun's Mystic Blast
 15612 | D:14     | HP: 36/72 [deep elf zephyrmancer/bolt of lightning (36)]
 15655 | D:14     | Reached skill level 10 in Fire Magic
 15773 | D:14     | Reached skill level 1 in Invocations
 15844 | D:14     | Got the Incunabulum of Dhcmrlchtdj
 15863 | D:14     | Got the Octavo of Plaster Cramp
 15870 | D:14     | Got the Elucidation of Axaxaxas mlö
 15990 | D:14     | Reached skill level 2 in Invocations
 15995 | D:14     | HP: 34/72 [centaur warrior/arrow (17)]
 16357 | D:14     | Reached skill level 3 in Invocations
 16474 | D:14     | Found a gate to the Vaults.
 16977 | D:15     | Entered Level 15 of the Dungeon
 17203 | D:15     | Reached skill level 4 in Invocations
 17373 | D:15     | Reached skill level 11 in Fire Magic
 17373 | D:15     | Reached XP level 14. HP: 67/79 MP: 18/33
 17733 | D:15     | Found a staircase to the Depths.
 17801 | D:15     | Reached skill level 5 in Invocations
 17989 | D:15     | Learned a level 6 spell: Bombard
 18102 | D:15     | Found the +3 pair of seven-league boots {Rampage+∞}
 18251 | D:15     | Found an opulent altar of Gozag.
 18280 | D:15     | Reached skill level 1 in Shields
 18413 | D:15     | HP: 39/79 [orc knight/+0 glaive (3)]
 18927 | Lair:1   | Entered Level 1 of the Lair of Beasts
 19156 | Lair:1   | Noticed Harold
 19165 | Lair:1   | Killed Harold
 19278 | Lair:1   | Reached skill level 2 in Shields
 19796 | Lair:2   | Reached skill level 6 in Invocations
 19926 | Lair:2   | Reached skill level 7 in Earth Magic
 20080 | Lair:2   | Reached skill level 3 in Shields
 20085 | Lair:2   | Found a frozen archway.
 20095 | IceCv    | Entered an ice cave
 21734 | Lair:2   | Found a staircase to the Swamp.
 22261 | Lair:3   | Reached skill level 4 in Shields
 22429 | Lair:3   | Found a hole to the Spider Nest.
 22442 | Lair:3   | Reached skill level 7 in Invocations
 22517 | Lair:3   | Found the +8 orange crystal plate armour {Archmagi, Int+3
                  | Clar}
 23238 | Lair:4   | Reached XP level 15. HP: 75/83 MP: 31/34
 23501 | Lair:4   | Reached skill level 8 in Earth Magic
 23873 | Lair:4   | Noticed Snorg
 23877 | Lair:4   | Killed Snorg
 24527 | Lair:5   | Entered Level 5 of the Lair of Beasts
 24783 | Lair:5   | Reached skill level 5 in Shields
 24818 | Lair:5   | Reached skill level 13 in Conjurations
 24978 | Lair:5   | Reached skill level 8 in Invocations
 25441 | Lair:5   | HP: 41/83 [snapping turtle (18)]
 25541 | Lair:5   | HP: 39/83 [rock wall collision (5)]
 25763 | Lair:5   | Reached skill level 9 in Earth Magic
 26114 | Lair:5   | Found a staircase to the Slime Pits.
 26350 | Orc:1    | Entered Level 1 of the Orcish Mines
 26356 | Orc:1    | Noticed Gastronok
 26370 | Orc:1    | Killed Gastronok
 26552 | Orc:1    | Paralysed by an orc sorcerer for 3 turns
 26641 | Orc:1    | Noticed Maurice
 26648 | Orc:1    | Killed Maurice
 26649 | Orc:1    | Reached skill level 12 in Fire Magic
 26742 | Orc:2    | Entered Level 2 of the Orcish Mines
 26870 | Orc:1    | HP: 41/83 [kobold blastminer/bolt (18)]
 26882 | Orc:1    | HP: 29/83 [kobold blastminer/bolt (4)]
 27074 | Orc:1    | Noticed Urug
 27086 | Orc:1    | Killed Urug
 27475 | Orc:2    | HP: 40/83 [orc priest/divine providence[an orc knight]
                  | (16)]
 27477 | Orc:2    | HP: 18/83 [orc priest/divine providence[an orc knight]
                  | (12)]
 27990 | Orc:2    | Found a staircase to the Elven Halls.
 28758 | Orc:2    | Found Azeucvu's Book Shop.
 29085 | Orc:2    | Found Omeupn's Weapon Shoppe.
 29093 | Orc:2    | Reached skill level 10 in Earth Magic
 29273 | Orc:2    | Found Pihotrul's Assorted Antiques.
 29280 | Orc:2    | Bought a pair of polished gloves for 199 gold pieces
 29280 | Orc:2    | Identified the +0 pair of gloves of Foolhardiness {+Blink
                  | rC- rCorr Dex+5} (You bought it in a shop on level 2 of the
                  | Orcish Mines)
 29281 | Orc:2    | Found Rasouq's Distillery.
 29283 | Orc:2    | Found Ylypuheo's Magic Scroll Shoppe.
 29292 | Orc:2    | Bought a scroll of blinking for 97 gold pieces
 29292 | Orc:2    | Bought a scroll of teleportation for 39 gold pieces
 29292 | Orc:2    | Bought a scroll of revelation for 97 gold pieces
 29491 | D:11     | You paid a toll of 2 scrolls of acquirement to enter a
                  | treasure trove
 29492 | Trove    | Entered a treasure trove
 29493 | Trove    | Acquired 605 gold pieces
 29501 | Trove    | Identified the ring "Mofu Xae" {rC+ rN+ Int+6}
 29517 | Trove    | Identified the ring of the Pharaoh's Fist {rPois rCorr
                  | Str+6 Dex+3}
 29526 | Trove    | Identified the ring of Nuotail {Fly Int+4}
 29529 | Trove    | Identified the amulet "Araq" {Acrobat rF+ rCorr Str+2
                  | Slay+2}
 29549 | Trove    | Identified the ring of the Demon Prince {Str+3 Slay+3 SInv}
 29557 | Trove    | Identified the ring of Equor {rN+ MP+9}
 29692 | Swamp:1  | Entered Level 1 of the Swamp
 29960 | Swamp:1  | Noticed Kirke
 29967 | Swamp:1  | HP: 38/83 [spriggan air mage/the air (18)]
 29967 | Swamp:1  | HP: 14/83 [lindwurm/blast of flame[Kirke] (24)]
 29974 | Swamp:1  | Killed from afar by a lindwurm

Illustrated notes

Levels and vault maps discovered:
D:1:      co_arrival_random_square_maze, layout_loops_corners
D:2:      layout_loops_ring, basic_altar, chequers_serial_rivers_small_3,
          grunt_ministairs_9, hex_large
D:3:      layout_loops_ring, serial_shops, shop
D:4:      layout_rooms, uniq_sigmund
D:5:      kennysheep_windowed_halls, layout_rooms, kennysheep_mini,
          serial_park_tiny_1, minmay_crystal_room, minmay_joined_circles
D:6:      layout_rooms, lemuel_doored_altar, grunt_decor_resistance,
          hangedman_abyss_or_decor_lesser_grid, nicolae_stop_n_shop_1
D:7:      layout_loops_ring, mainiacjoe_overflow_concentric_impassable,
          mainiacjoe_overflow_paths, minmay_temple_entry_poolview,
          guppyfry_shop_venom, uniq_joseph, uniq_maggie, uniq_pikel
D:8:      layout_rooms
D:9:      layout_irregular_city, grunt_temple_overflow_order_and_chaos_1,
          enter_bailey_3
D:10:     layout_irregular_city, minitemple, mainiacjoe_overflow_cross_hatched,
          kennysheep_orc_monster_closet_entryway
D:11:     layout_irregular_city, erik_lair_island, enter_trove_3
D:12:     layout_loops_corners, gammafunk_ghost_grave
D:13:     minmay_sliced_demisemicircle, layout_basic, laboratory
D:14:     layout_stronghold, hangedman_vaults_entry_quadrant_bands,
          ebering_ghost_reflecting_pool, serial_park_tiny_1,
          bh_hangedman_babel_library
D:15:     grunt_enter_depths_magical_seal, layout_gridville,
          grunt_gozag_breadcrumbs, hellmonk_guarded_unrand_seven_league_boots
Lair:1:   layout_cave_shapes, uniq_harold
Lair:2:   beast_lair_carwin_large_2, layout_long_grid,
          nicolae_swamp_entry_splash_gauntlet, portal_ice_cave_entry_pillars_1,
          serial_bayou_shore_a, serial_bayou_shore_b, grunt_megastairs_5
Lair:3:   layout_cave_shapes, nicolae_spider_entry_orb_guardian,
          grunt_forest_stairs_clearing
Lair:4:   layout_gridlike, dpeg_oklob_1, grunt_megastairs_1, uniq_snorg
Lair:5:   gammafunk_lair_ancient_temple, layout_cave_shapes,
          minmay_slime_entry_oklob_enclosed
Swamp:1:  layout_basic_swamp, evilmike_swamp_ruin_house_1,
          nicolae_swamp_tree_isthmus, uniq_kirke
Orc:1:    layout_diamond_mine, uniq_urug, uniq_maurice, uniq_gastronok
Orc:2:    st_orc_elflike, layout_caves, serial_shops, nicolae_lakefront_shop

Skill      XL: |  1  2  3  4  5  6  7  8  9 10 11 12 13 14 15 |
---------------+----------------------------------------------+-----
Fire Magic     | 1 2 3 4 5 7 11 12 | 12.6
Conjurations   | 1 3 5 7 9 10 12 13 | 13.0
Earth Magic    | 1 3 5 6 7 10 | 10.1
Spellcasting   | 5 9 12 14 15 | 15.0
Invocations    | 4 7 8 |  8.0
Shields        | 4 5 |  5.0
Fighting       | |  1.0
Armour         | |  1.5
Dodging        | |  0.7
Stealth        | |  0.7
Evocations     | |  2.6

Action                     |  1- 3 |  4- 6 |  7- 9 | 10-12 | 13-15 || total
---------------------------+-------+-------+-------+-------+-------++-------
  Melee: Club              |   135 |       |       |       |       ||   135
         War axe           |    38 |    46 |    61 |    30 |    49 ||   224
   Cast: Stone Arrow       |       |       |    29 |   237 |   730 ||   996
         Sticky Flame      |       |       |       |       |    12 ||    12
         Iskenderun's Myst |       |       |       |       |     3 ||     3
         Blink             |       |       |       |       |     2 ||     2
         Bombard           |       |       |       |       |     5 ||     5
 Invoke: Recall Ancestor   |       |     1 |     1 |     2 |     6 ||    10
         Ancestor Life: Ba |       |     1 |       |       |       ||     1
  Evoke: Wand              |     2 |     3 |     2 |    16 |     7 ||    30
    Use: Scroll            |       |       |       |    11 |    15 ||    26
   Stab: Sleeping          |       |     2 |       |       |       ||     2
         Distracted        |       |       |     1 |       |     1 ||     2
 Armour: Leather armour    |   170 |    68 |    61 |       |       ||   299
         Swamp dragon scal |       |       |    10 |    32 |       ||    42
         Steam dragon scal |       |       |       |    19 |       ||    19
         Acid dragon scale |       |       |       |    66 |   330 ||   396
  Dodge: Dodged            |   129 |    24 |    48 |    49 |   152 ||   402
  Block: Other             |       |       |    20 |    17 |     8 ||    45
         Reflection        |       |       |     3 |       |     9 ||    12
         Buckler           |       |       |       |       |   134 ||   134

Table legend: (Time is in decaauts)
 A = Elapsed time spent in this place.
 B = Non-inter-level travel time spent in this place.
 C = Inter-level travel time spent in this place.
 D = Time resting spent in this place.
 E = Time spent auto-exploring this place.
 F = Levels seen in this place.
 G = Mean time per level.
                   A        B        C        D        E       F      G
               +--------+--------+--------+--------+--------+-----+--------+
         Total |  30222 |  28914 |   1308 |   1179 |  22806 |  26 | 1162.4 |
       Dungeon |  18798 |  17845 |    953 |    536 |  14315 |  15 | 1253.2 |
          Lair |   6471 |   6213 |    258 |    100 |   5082 |   5 | 1294.2 |
         Swamp |    283 |    283 |      0 |     69 |    141 |   1 |  283.0 |
  Orcish Mines |   3089 |   2994 |     95 |    295 |   2270 |   2 | 1544.5 |
         Trove |     79 |     79 |      0 |      0 |      6 |   1 |   79.0 |
        Bailey |    481 |    481 |      0 |    130 |    265 |   1 |  481.0 |
      Ice Cave |   1018 |   1018 |      0 |     49 |    727 |   1 | 1018.0 |
               +--------+--------+--------+--------+--------+-----+--------+

Top non-repeatable levels by time:
    D:14: 2295 daAuts
    D:13: 2208 daAuts
   Orc:2: 1699 daAuts
  Lair:5: 1683 daAuts
    D:15: 1671 daAuts
    D:12: 1634 daAuts
  Lair:4: 1538 daAuts
     D:7: 1411 daAuts
   Orc:1: 1389 daAuts
  Lair:2: 1377 daAuts
    D:10: 1237 daAuts
     D:5: 1208 daAuts
  Lair:3: 1128 daAuts
     D:1: 1117 daAuts
    D:11: 1079 daAuts
